[Event "21st Bangkok CC Open 2024"]
[Site "Bangkok"]
[Date "2024.04.19"]
[Round "4.3"]
[White "Subhayan Kundu"]
[Black "Nie, Xinyang"]
[Result "1/2-1/2"]
[ECO "C42"]
[WhiteElo "2341"]
[BlackElo "2433"]
[Annotator "TA"]
[PlyCount "41"]
[EventDate "2024.04.13"]
[EventType "swiss"]
[EventCountry "THA"]
[SourceTitle "playchess.com"]
[Source "ChessBase"]
[SourceQuality "1"]
[TimeControl "40/5400+30:1800+30"]

1. e4 e5 2. Nf3 Nf6 3. Nxe5 d6 4. Nf3 Nxe4 5. d4 d5 6. Bd3 Be7 7. Nbd2 Bf5 8. O-O Nc6 9. Re1 Nxd2 10. Qxd2 ({Much weaker is} 10. Bxf5 Nxf3+ 11. gxf3 (11. Qxf3 Nxd4 12. Qh3 Nxf5 $17) 11... O-O $11) 10... Bg6 11. c3 O-O {[%emt 0:00:09] The position is equal.} 12. Bxg6 hxg6 13. Qd3 a6 14. g3 Qd7 15. Bf4 Rae8 16. Kg2 Bd6 17. Bxd6 Qxd6 18. Rxe8 Rxe8 19. Re1 Rxe1 20. Nxe1 Qe6 21. Qe3 {[%emt 0:00:15] Weighted Error Value: White=0.06 (flawless) /Black=0.06 (flawless) .  OK:         	White=4     	Black=4} 1/2-1/2

[Event "21st Bangkok CC Open 2024"]
[Site "Bangkok"]
[Date "2024.04.19"]
[Round "4.4"]
[White "Cao, Qingfeng"]
[Black "Deepan Chakkravarthy J."]
[Result "1-0"]
[ECO "E66"]
[WhiteElo "2038"]
[BlackElo "2428"]
[Annotator "TA"]
[PlyCount "65"]
[EventDate "2024.04.13"]
[EventType "swiss"]
[EventCountry "THA"]
[SourceTitle "playchess.com"]
[Source "ChessBase"]
[SourceQuality "1"]
[TimeControl "40/5400+30:1800+30"]

1. d4 Nf6 2. c4 g6 3. Nf3 Bg7 4. g3 c5 5. Bg2 O-O 6. O-O d6 7. Nc3 Nc6 8. d5 Na5 9. Nd2 a6 10. Rb1 Rb8 11. b3 b5 12. Qc2 Bf5 13. e4 Bd7 14. Bb2 e5 15. Nd1 h5 16. f4 Ng4 (16... exf4 $11 17. gxf4 bxc4) 17. h3 $16 {[%emt 0:05:19] White is better.} Nh6 18. f5 bxc4 19. bxc4 gxf5 (19... Kh8 $16 {might work better.}) 20. exf5 $18 Qg5 {[%emt 0:00:05] [#]} (20... Nxf5 {was worth a try.} 21. Rxf5 Bxf5 22. Qxf5 Qf6 23. Qxh5 Qh6) 21. f6 $1 Bh8 (21... Bf5 22. Ne4) 22. Qc3 (22. Ne4 Qg6 23. Ne3 Nf5 24. Rxf5 Bxf5 $18) (22. Bc3 $18 Bf5 23. Ne4 Nxc4 24. Rxb8 Rxb8 25. Qd3 (25. Qe2 Bxe4 26. Bxe4 Qxg3+ 27. Bg2 Nb6 $18)) 22... Rb4 {[%emt 0:09:01][%mdl 8192] This move loses the game for Black.} (22... Bf5 $16) 23. a3 Ra4 24. Bc1 (24. Ne4 Qg6 25. Nxd6 (25. Ne3 Bxh3 26. Nxd6 Bxg2 $18) 25... Nf5 $18) 24... Qg6 {[%emt 0:00:05] White is clearly winning.} 25. Nb2 Nf5 26. Nxa4 Nxg3 27. Rf2 {[%emt 0:01:14] Against Ne2+} Bxf6 28. Rb6 Bh4 (28... Bd8 $142 29. Rxd6 (29. Qxa5 Bxa4 30. Qxa6 Bxb6 $18) 29... Qxd6 30. Qxg3+ Qg6) 29. Nf3 Qf6 {[%emt 0:07:54] [#] Strongly threatening ...Ne4.} 30. Nxh4 Qxh4 31. Qxa5 Bxh3 32. Rb3 ({Stronger than} 32. Qxa6 Bxg2 33. Rxg2 (33. Kxg2 $2 {too greedy.} Kh8 $19) 33... Kh7 34. Rxd6 Qh1+ 35. Kf2 Qf1+ 36. Kxg3 Rg8+ $11) 32... f5 33. Bxh3 {[%emt 0:02:42] Weighted Error Value: White=0.31/Black=0.53.  Loses game:     	---       	Black=1      Mistake:       	White=1     	Black=4      Inaccurate:     	---       	Black=1      OK:         	White=6     	Black=4      Brilliant:      	White=1     	---} 1-0

[Event "21st Bangkok CC Open 2024"]
[Site "Bangkok"]
[Date "2024.04.19"]
[Round "4.5"]
[White "Shahar, Uzair"]
[Black "Pham Tran Gia Phuc"]
[Result "0-1"]
[ECO "B91"]
[WhiteElo "2035"]
[BlackElo "2423"]
[Annotator "TA"]
[PlyCount "72"]
[EventDate "2024.04.13"]
[EventType "swiss"]
[EventCountry "THA"]
[SourceTitle "playchess.com"]
[Source "ChessBase"]
[SourceQuality "1"]
[TimeControl "40/5400+30:1800+30"]

1. e4 c5 2. Nf3 d6 3. d4 cxd4 4. Nxd4 Nf6 5. Nc3 a6 6. g3 e5 7. Nb3 Be6 8. Bg5 (8. f4 $14) 8... Nbd7 $11 9. Qd3 h6 10. Bxf6 {[%emt 0:00:41] The position is equal.} Nxf6 11. O-O-O Be7 12. f4 Rc8 13. f5 Bd7 14. Kb1 b5 15. Nd5 Bc6 16. Qf3 a5 17. Nd2 Rb8 18. Nxf6+ Bxf6 19. c4 ({White should try} 19. Bg2 $11) 19... b4 20. Qd3 a4 21. Nf3 ({Better is} 21. Bg2 $15) 21... Qb6 $17 22. g4 Qb7 23. Re1 b3 {[%emt 0:07:58] ( -> ...bxa2+)} 24. a3 O-O $40 {[%emt 0:00:08][%mdl 128] White needs to defend precisely.} (24... Bd8 $15) 25. h4 $11 Bd8 26. g5 {[%emt 0:00:56] Black must now prevent gxh6.} Ba5 27. Re2 {[%emt 0:01:11] Threatens to win with gxh6.} h5 28. g6 $2 (28. Bh3 $11) 28... fxg6 $17 29. fxg6 Rf6 $1 30. Ng5 Rxg6 31. Bh3 {[%emt 0:00:20] [#]} Re8 {[%emt 0:05:07] Repels Be6+} (31... Rf6 $1 $17 {aiming for ...Kh8.} 32. Re3 Rbf8 33. Be6+ Kh8) 32. Qf3 (32. Rf1 $11) 32... Qe7 (32... Rf8 $17 33. Qxh5 Rh6 34. Be6+ Kh8) 33. Qxh5 (33. Rf2 $11) 33... Rh6 34. Qf3 Rf8 {[%emt 0:00:43] Active counter play!} (34... Rxh4 $2 {is the wrong capture.} 35. Be6+ $18) 35. Qg2 {[%emt 0:02:15] [#]} (35. Bf5 $15) 35... Bb6 $1 $19 (35... Rxh4 $2 {perishes.} 36. Be6+ $18) 36. Bf5 $2 (36. Qg3) 36... Rxf5 {[%emt 0:00:12] Weighted Error Value: White=0.49/Black=0.25 (precise) .  Mistake:       	White=7     	Black=3      Inaccurate:     	White=1     	Black=3      OK:         	White=12    	Black=8      Best:        	---       	Black=4      Strong:       	---       	Black=1} 0-1

[Event "21st Bangkok CC Open 2024"]
[Site "Bangkok"]
[Date "2024.04.19"]
[Round "4.6"]
[White "Sek, Konstantin"]
[Black "Dinh Nho Kiet"]
[Result "0-1"]
[ECO "B12"]
[WhiteElo "2397"]
[BlackElo "2245"]
[Annotator "TA"]
[PlyCount "74"]
[EventDate "2024.04.13"]
[EventType "swiss"]
[EventCountry "THA"]
[SourceTitle "playchess.com"]
[Source "ChessBase"]
[SourceQuality "1"]
[TimeControl "40/5400+30:1800+30"]

1. e4 c6 2. d4 d5 3. e5 Bf5 4. h4 h5 5. Bd3 Bxd3 6. Qxd3 e6 7. Bg5 Qb6 8. Nd2 c5 9. c4 {[%emt 0:12:57] The position is equal.} Qxb2 10. Rb1 Qxd4 11. Qe2 {[%emt 0:02:08] [#] Strongly threatening Ngf3.} b6 $1 {[%emt 0:27:37] Hoping for ...Be7.} 12. cxd5 (12. Ngf3 $15 {feels stronger.} Qg4 13. Qd3) 12... Qxd5 $17 13. Ngf3 Ne7 (13... Qxa2 14. O-O Be7 15. Rfd1 $18) 14. O-O {[%emt 0:21:39] aiming for Ne4.} Nf5 (14... Qxa2 $2 15. Qb5+ Nec6 16. Ra1 $18 (16. Nc4 $2 Qa6 $17)) 15. Nb3 Nc6 16. Qa6 $2 {[%emt 0:00:32] [#]} (16. Rfd1 $17 Nfd4 17. Nfxd4 cxd4 18. Rbc1) 16... Nb4 $19 (16... Nxe5 $2 17. Nxe5 Be7 18. Qa4+ Kf8 19. Nd7+ (19. Bxe7+ Nxe7 20. Rfe1 Qd8 $18) 19... Kg8 20. Rfd1 $18) 17. Qb5+ Qd7 18. Qe2 Qd3 19. Qe1 c4 ({Not} 19... Nxa2 20. Rd1 Qc2 (20... Qxb3 $2 {perishes.} 21. Qe4 $18) 21. Rd2 $14) 20. Nbd4 Nxd4 21. Nxd4 Qxd4 22. Rxb4 Bxb4 23. Qxb4 Qc5 ({Stronger than} 23... Qxe5 24. Qe7#) 24. Qc3 O-O {[%emt 0:13:24] Black is clearly winning.} 25. Rd1 Qc6 26. Rd4 Qb5 27. Rxc4 Qb1+ 28. Kh2 Qxa2 29. Rf4 Rac8 30. Qg3 Qc2 31. Rf3 Rc4 32. Rd3 Rfc8 33. f4 Qe2 34. Rf3 Qe4 35. Bf6 Qg6 36. Qe1 Rc1 37. Qb4 gxf6 {[%emt 0:00:14] Black took control after the opening.   Weighted Error Value: White=0.32/Black=0.04 (flawless) .  Mistake:       	White=2     	---        Inaccurate:     	White=3     	---        OK:         	White=8     	Black=15     Best:        	---       	Black=2      Strong:       	---       	Black=1} 0-1

[Event "21st Bangkok CC Open 2024"]
[Site "Bangkok"]
[Date "2024.04.19"]
[Round "4.7"]
[White "Bernadskiy, Vitaliy"]
[Black "Cannon, David"]
[Result "1-0"]
[ECO "E97"]
[WhiteElo "2561"]
[BlackElo "2195"]
[Annotator "TA"]
[PlyCount "71"]
[EventDate "2024.04.13"]
[EventType "swiss"]
[EventCountry "THA"]
[SourceTitle "playchess.com"]
[Source "ChessBase"]
[SourceQuality "1"]
[TimeControl "40/5400+30:1800+30"]

1. d4 Nf6 2. c4 g6 3. Nc3 Bg7 4. e4 d6 5. Be2 O-O 6. Nf3 e5 7. O-O Nc6 8. d5 Ne7 9. b4 Ne8 10. a4 h6 11. a5 f5 12. Nd2 {[%emt 0:04:23] White has more active pieces.} Nf6 {[%emt 0:03:59] White is slightly better.} 13. Ba3 g5 14. c5 Ng6 15. Nc4 Nxe4 16. Nxe4 fxe4 17. cxd6 cxd6 18. b5 Rf6 19. Nd2 Bf8 (19... Bf5 $14) 20. Nxe4 $16 Rf4 21. Bd3 Nh4 22. Bc1 Rf7 23. Ng3 Bd7 24. Be3 Bg7 25. Ra3 Qe7 26. Qb1 Bg4 27. Be4 Kh8 $2 {[%emt 0:07:39] [#]} (27... Qf6 {was necessary.} 28. b6 axb6 29. Bxb6 (29. Qxb6 Bf5 $18) 29... Rc8) 28. Rc1 Qd7 (28... Qf8 {was worth a try.} 29. Rac3 Bf6) 29. Rac3 $18 {[%emt 0:01:29] White is clearly winning.} Raf8 30. Bxa7 Bf3 31. Bxf3 ({Less strong is} 31. gxf3 Qh3 32. f4 exf4 $16) 31... Rxf3 32. Rxf3 (32. gxf3 $2 {gets mated.} Qh3) 32... Rxf3 33. a6 ({Weaker is} 33. gxf3 Qh3 $11) 33... Ra3 34. Qb4 Ra2 35. Qc4 Ra5 36. Qc8+ {[%emt 0:00:07] Weighted Error Value: White=0.07 (flawless) /Black=0.39.  Mistake:       	---       	Black=3      Inaccurate:     	White=2     	Black=1      OK:         	White=8     	Black=5      Best:        	White=1     	---} 1-0

[Event "21st Bangkok CC Open 2024"]
[Site "Bangkok"]
[Date "2024.04.19"]
[Round "4.8"]
[White "Lye, Lik Zang"]
[Black "Pranesh M"]
[Result "0-1"]
[ECO "D30"]
[WhiteElo "2286"]
[BlackElo "2538"]
[Annotator "TA"]
[PlyCount "64"]
[EventDate "2024.04.13"]
[EventType "swiss"]
[EventCountry "THA"]
[SourceTitle "playchess.com"]
[Source "ChessBase"]
[SourceQuality "1"]
[TimeControl "40/5400+30:1800+30"]

1. d4 d5 2. c4 e6 3. Nf3 c6 4. e3 Nf6 5. b3 c5 6. cxd5 Nxd5 7. Bb2 cxd4 8. Nxd4 {[%emt 0:01:01] White is slightly better.} Bb4+ 9. Nd2 e5 10. N4f3 f6 11. a3 Be7 12. Bc4 (12. Bd3 $16) 12... Nb6 $11 13. Bb5+ Kf7 14. Qb1 g6 15. Bd3 Be6 16. h4 N8d7 17. b4 (17. Rg1 $14) 17... Na4 18. Bc2 Ndb6 19. h5 Kg7 20. Nh4 (20. h6+ $11 Kf7 21. O-O) 20... Bf7 {[%emt 0:02:02] Black is more active.} (20... gxh5 $6 21. Nf5+ Kf8 22. Rxh5 $11) ({Black should play} 20... Nxb2 $17 21. Qxb2 Qxd2+ (21... gxh5 22. Bf5 $16) 22. Kxd2 Nc4+ (22... gxh5 $2 23. Ke1 $18) 23. Kc3 Nxb2 24. Kxb2 e4 (24... gxh5 25. Nf5+ Bxf5 26. Bxf5 $16)) 21. Rh3 (21. hxg6 $11 {keeps the balance.} hxg6 22. Bxg6) 21... Nxb2 $17 (21... gxh5 22. Rg3+ Kf8 23. Bxh7 $16) 22. Qxb2 f5 (22... gxh5 23. Qb1 $16) (22... Qxd2+ $15 23. Kxd2 Nc4+ (23... gxh5 $2 24. Nf5+ Kf8 25. Bb3 $18) 24. Kc1 Nxb2 25. Kxb2 f5 (25... gxh5 26. Nf5+ Kf8 27. Rd1 $14)) 23. Qxe5+ (23. Rd1 $11 {remains equal.} Bxh4 24. h6+ (24. Nf3 Qf6 $11) 24... Kxh6 25. Qxe5 (25. Nf3 Qf6 $18)) 23... Bf6 24. Nxf5+ gxf5 25. Qc5 {[%emt 0:00:41][%mdl 8192] Loses the game.} Be6 26. Bxf5 (26. Bb3 $142 Bxb3 (26... Bxa1 $2 27. Bxe6 Rf8 28. Bxf5 $19) 27. Rg3+ Kh6 28. Qxf5) 26... Rc8 $19 (26... Bxf5 27. h6+ Kf7 (27... Kg6 $2 28. Rg3+ Kxh6 29. Qxf5 $18) 28. Qxf5 $15) 27. h6+ Kf7 28. Qa5 Bxa1 29. Bxe6+ Kxe6 30. Nb3 {[%emt 0:00:24] [#]} Qd5 31. Nc5+ Ke7 32. Qxa7 {[%emt 0:00:24] [#]} Rhd8 {[%emt 0:00:15] Weighted Error Value: White=1.36/Black=0.36.  Loses game:     	White=1     	---        Mistake:       	White=6     	Black=2      Inaccurate:     	---       	Black=3      OK:         	White=5     	Black=5      Best:        	White=3     	Black=3} 0-1

[Event "21st Bangkok CC Open 2024"]
[Site "Bangkok"]
[Date "2024.04.16"]
[Round "4.9"]
[White "Mitrabha, Guha"]
[Black "Ayush Sharma"]
[Result "1/2-1/2"]
[ECO "A32"]
[WhiteElo "2537"]
[BlackElo "2311"]
[Annotator "TA"]
[PlyCount "102"]
[EventDate "2024.04.13"]
[EventType "swiss"]
[EventCountry "THA"]
[SourceTitle "playchess.com"]
[Source "ChessBase"]
[SourceQuality "1"]
[TimeControl "40/5400+30:1800+30"]

1. d4 Nf6 2. c4 e6 3. g3 c5 4. Nf3 cxd4 5. Nxd4 Qc7 6. Bg2 Qxc4 7. Nc3 a6 8. O-O Nc6 9. Nb3 Qg4 10. Bf4 d5 {[%emt 0:01:35] The position is equal.} 11. Bc7 Bd7 12. h3 Qg6 13. Na4 Rc8 14. Bb6 Ne5 15. Na5 Qc2 16. Rc1 Qxd1 (16... Qxa4 $2 {is the wrong capture.} 17. Rxc8+ (17. Nxb7 $2 {loses.} Qb5 $19) 17... Bxc8 18. Qxa4+ $18) 17. Rxc8+ Bxc8 18. Rxd1 Bb4 19. a3 Bxa5 20. Bxa5 Nc4 21. Bc3 Bd7 22. Nc5 Bc6 23. a4 O-O 24. b3 {[%emt 0:00:49][%cal Oc3f6] [#] Bxf6! would now be deadly.} Nb6 (24... Nd6 $5) 25. Rc1 Rc8 26. e3 Nbd7 27. Nd3 b6 28. Bd4 Bb7 29. Rxc8+ Bxc8 30. b4 Ne8 31. Ne5 Nxe5 32. Bxe5 $15 {[%emt 0:00:01][%mdl 4096] Endgame. KBB-KBN} Bd7 33. Bf1 b5 34. a5 f6 35. Bb8 Kf7 36. f4 Ke7 37. Bd3 h6 38. e4 dxe4 39. Bxe4 Nd6 40. Bg2 Bc8 41. Kf2 g5 42. Bc6 gxf4 43. gxf4 Nf5 44. Be4 Nd6 45. Bc6 e5 46. fxe5 fxe5 47. h4 Ke6 48. Bg2 Nf5 49. Bh3 ({Better is} 49. h5 $11) 49... Kf6 {[%emt 0:00:15] Black is slightly better.} 50. Bxf5 Kxf5 51. Ke3 e4 {Weighted Error Value: White=0.09 (flawless) /Black=0.07 (flawless) .  Mistake:       	White=1     	Black=1      Inaccurate:     	White=4     	Black=2      OK:         	White=23    	Black=12     Best:        	---       	Black=1} (51... h5 $15) 1/2-1/2

[Event "21st Bangkok CC Open 2024"]
[Site "Bangkok"]
[Date "2024.04.16"]
[Round "4.10"]
[White "Makhnev, Denis"]
[Black "Arca, Christian Gian Karlo"]
[Result "1-0"]
[ECO "B13"]
[WhiteElo "2516"]
[BlackElo "2283"]
[Annotator "TA"]
[PlyCount "63"]
[EventDate "2024.04.13"]
[EventType "swiss"]
[EventCountry "THA"]
[SourceTitle "playchess.com"]
[Source "ChessBase"]
[SourceQuality "1"]
[TimeControl "40/5400+30:1800+30"]

1. e4 c6 2. Nf3 d5 3. exd5 cxd5 4. d4 Nf6 5. Ne5 Nc6 6. c3 Bf5 7. Bb5 Qb6 8. c4 {[%emt 0:00:10] The position is equal.} a6 9. Bxc6+ bxc6 10. c5 Qb7 11. Qb3 Qc7 12. Qa4 Bd7 13. Nc3 e6 (13... g6 $14) 14. h3 Be7 15. Bf4 Qc8 16. Qb3 Bd8 17. Na4 {[%emt 0:03:18] Excellent horsemanship.} Ba5+ 18. Ke2 Rb8 19. Nb6 Bxb6 20. cxb6 Rb7 {[%emt 0:00:13] Black is weak on the dark squares} 21. Nd3 $36 {[%emt 0:10:01][%mdl 2048] Strongly threatening Nc5. White is on the roll.} c5 $2 {[%emt 0:00:34] [#] A mistake that costs the game.} 22. Nxc5 $18 (22. dxc5 $6 Bb5 $18) 22... Bb5+ 23. Ke3 e5 24. Bxe5 Rxb6 25. a4 {[%emt 0:00:42] Active counter play!} O-O 26. axb5 Rxb5 27. Qc3 Re8 28. Rhc1 {[%emt 0:07:05] White is clearly winning.} (28. Rxa6 Rxc5 29. Qd3 (29. Qxc5 $2 Rxe5+ 30. dxe5 Qxc5+ 31. Kf3 Qc8 $19) (29. dxc5 Qxa6 30. Qd4 Qe6 $17) 29... Nd7 $15) 28... Qf5 29. f3 {[%emt 0:00:35] Wards off Ne4} (29. Nxa6 $2 {is the wrong capture.} Ne4 30. Qe1 (30. Qc2 $2 {leads to mate.} Rb3+) 30... Rxb2 $19) (29. Rxa6 Ne4 30. Nxe4 Qxe4+ 31. Kd2 Qxg2 $18) 29... Nh5 30. Kf2 Qg5 31. Re1 Qh4+ 32. Kg1 {[%emt 0:01:00] Weighted Error Value: White=0.06 (flawless) /Black=0.39.  Loses game:     	---       	Black=1      Mistake:       	---       	Black=1      Inaccurate:     	---       	Black=3      OK:         	White=12    	Black=9      Best:        	White=3     	Black=1} 1-0

[Event "21st Bangkok CC Open 2024"]
[Site "Bangkok"]
[Date "2024.04.17"]
[Round "5.1"]
[White "Pham Tran Gia Phuc"]
[Black "Cao, Qingfeng"]
[Result "1/2-1/2"]
[ECO "B10"]
[WhiteElo "2423"]
[BlackElo "2038"]
[Annotator "TA"]
[PlyCount "98"]
[EventDate "2024.04.13"]
[EventType "swiss"]
[EventCountry "THA"]
[SourceTitle "playchess.com"]
[Source "ChessBase"]
[SourceQuality "1"]
[TimeControl "40/5400+30:1800+30"]

1. e4 c6 2. Nf3 d5 3. d3 dxe4 4. dxe4 Qxd1+ 5. Kxd1 Nd7 6. Ne1 e5 7. a4 Nc5 8. Nd2 {[%emt 0:00:23] The position is equal.} a5 (8... f5 $1 $15) 9. Nd3 $14 f6 10. c3 Be6 11. Kc2 Nh6 12. f3 {[%emt 0:00:45] Against Ng4} Nf7 13. Nxc5 Bxc5 14. Nc4 Ke7 15. Be2 Rhd8 16. Bd2 Nd6 17. Nxd6 Rxd6 18. Rhd1 Rad8 19. b4 {[%emt 0:07:10] [#]} Rxd2+ $1 20. Rxd2 {[%emt 0:00:39] [#]} Bb3+ $1 21. Kxb3 {[%emt 0:00:08] Black must now prevent Rxd8.} ({Wrong is} 21. Kc1 $2 Be3 (21... axb4 $2 {loses.} 22. Rxd8 Kxd8 23. cxb4 $18) 22. Kb2 Rxd2+ $19) 21... Rxd2 22. Ra2 (22. Bf1 $11 {keeps the balance.} axb4 23. cxb4) 22... Rxa2 $17 23. Kxa2 axb4 24. cxb4 Bxb4 {[%emt 0:00:04][%mdl 4096] Endgame. KB-KB} 25. Kb3 Be1 26. Bc4 h5 27. Bg8 h4 28. Kc4 Kd6 29. Bh7 Bf2 30. Bf5 Kc7 31. Be6 Kb6 32. Bc8 Bg1 33. g3 h3 34. Bxh3 Bxh2 35. g4 Ka5 36. Kb3 g5 37. Bf1 Bg3 38. Be2 Be1 39. Bc4 Kb6 40. Be6 $1 Kc5 41. Bc8 b5 42. axb5 ({White should try} 42. Bd7 $15) 42... cxb5 43. Bd7 Ba5 44. Be8 {[%emt 0:00:11] [#]} b4 (44... Bb4 $1 $17) 45. Bf7 $15 {[%emt 0:01:24] Black is slightly better.} Bd8 46. Kc2 Kd4 47. Kd2 $1 Ba5 48. Bb3 $1 Bb6 49. Bf7 Ba5 {[%emt 0:00:04] Weighted Error Value: White=0.07 (flawless) /Black=0.09 (flawless) .  Mistake:       	White=2     	Black=2      Inaccurate:     	White=2     	Black=1      OK:         	White=13    	Black=15     Best:        	White=3     	Black=1      Strong:       	White=3     	---        Brilliant:      	---       	Black=1} 1/2-1/2

[Event "21st Bangkok CC Open 2024"]
[Site "Bangkok"]
[Date "2024.04.17"]
[Round "5.2"]
[White "Dinh Nho Kiet"]
[Black "Chernyavsky, Alexander"]
[Result "1/2-1/2"]
[ECO "E35"]
[WhiteElo "2245"]
[BlackElo "2354"]
[Annotator "TA"]
[PlyCount "113"]
[EventDate "2024.04.13"]
[EventType "swiss"]
[EventCountry "THA"]
[SourceTitle "playchess.com"]
[Source "ChessBase"]
[SourceQuality "1"]
[TimeControl "40/5400+30:1800+30"]

1. d4 Nf6 2. c4 e6 3. Nc3 Bb4 4. Qc2 d5 5. cxd5 exd5 6. Bg5 h6 7. Bh4 c5 8. dxc5 Nc6 9. e3 g5 10. Bg3 Qa5 11. O-O-O {[%emt 0:09:44] White is slightly better.} Qxc5 12. Nb5 Qxc2+ 13. Kxc2 Bf5+ (13... O-O $11) 14. Bd3 $14 Bxd3+ 15. Kxd3 {[%emt 0:00:40] [#] Threatens to win with Nc7+.} Ke7 16. Nf3 a6 17. Nbd4 Ne4 18. Nxc6+ bxc6 19. Nd4 Rac8 20. f3 Nc5+ (20... Nxg3 $11 21. hxg3 h5) 21. Ke2 {[%emt 0:01:58] [#] Rc1 is the strong threat.} Ne6 22. Be5 f6 23. Nf5+ Kf7 24. Bd6 {[%emt 0:00:54] White is more active.} Ng7 25. Nxg7 ({White should play} 25. Nxh6+ $16 Rxh6 26. Bxb4) 25... Bxd6 $11 26. Nf5 Bb8 27. Rd3 Be5 28. b3 Rc7 29. h3 h5 30. Rc1 Rb8 31. e4 dxe4 32. fxe4 a5 33. Rc4 Rb4 34. Ne3 Ke8 35. a4 Rb8 36. Rc5 Rd7 {[%emt 0:00:20] And now ...Rxd3 would win.} 37. Rxd7 Kxd7 {[%emt 0:00:22][%mdl 4096] Endgame. KRB-KRN} 38. Nc4 Bd4 39. Rxa5 Rxb3 40. Rf5 Ke6 41. a5 Rg3 42. Kf1 Rc3 43. Nd2 Rc2 (43... Be3 $17 44. Ke2 Bf4) 44. Nb3 (44. Nf3 $11 c5 45. g3 (45. Nxd4+ cxd4 46. Rd5 Ra2 $11)) 44... Ba7 45. h4 g4 {[%emt 0:00:00] Strongly threatening ...Rc3.} 46. Rxh5 {[%emt 0:00:00] The position is equal.} Rf2+ 47. Ke1 Rxg2 48. Nc5+ Kd6 49. Nb7+ Ke7 {[%emt 0:00:00] White must now prevent ...Be3.} 50. Rh7+ Kf8 51. Nd8 Be3 52. Ne6+ (52. Nxc6 $2 {is the wrong capture.} g3 53. e5 Rc2 54. exf6 g2 $19 (54... Rxc6 $2 55. Rg7 $19)) 52... Kg8 $1 53. Rg7+ Kh8 54. Kf1 Rf2+ 55. Ke1 f5 56. exf5 Rxf5 57. Rxg4 {[%emt 0:00:00] Weighted Error Value: White=0.10 (very precise) /Black=0.12 (very precise) .  Mistake:       	White=2     	Black=3      Inaccurate:     	White=4     	Black=4      OK:         	White=18    	Black=19     Best:        	White=6     	Black=6      Strong:       	---       	Black=1} 1/2-1/2

[Event "21st Bangkok CC Open 2024"]
[Site "Bangkok"]
[Date "2024.04.17"]
[Round "5.3"]
[White "Concio, Michael Jr."]
[Black "Bernadskiy, Vitaliy"]
[Result "0-1"]
[ECO "E21"]
[WhiteElo "2399"]
[BlackElo "2561"]
[Annotator "TA"]
[PlyCount "68"]
[EventDate "2024.04.13"]
[EventType "swiss"]
[EventCountry "THA"]
[SourceTitle "playchess.com"]
[Source "ChessBase"]
[SourceQuality "1"]
[TimeControl "40/5400+30:1800+30"]

1. d4 Nf6 2. c4 e6 3. Nc3 Bb4 4. Bd2 O-O 5. Nf3 b6 6. e3 Bb7 7. Bd3 d6 8. Qc2 Nbd7 9. a3 Bxc3 10. bxc3 e5 {[%emt 0:00:44] aiming for ...e4. Black is slightly better.} 11. Ng5 h6 (11... Bxg2 12. Bxh7+ Kh8 13. Rg1 $16) 12. Ne4 Nxe4 13. Bxe4 Bxe4 14. Qxe4 c5 15. O-O Rc8 16. Qd3 Re8 17. f3 Qe7 18. Rac1 $1 e4 19. Qb1 Nb8 20. f4 Nc6 21. f5 ({White should play} 21. Qa2) 21... f6 (21... Qb7 $142 22. Qa2 Na5) 22. a4 (22. Qa2 $142) 22... Na5 $17 23. Qa2 {[%emt 0:00:07] [#]} Nc6 $2 (23... Qb7 $1 $17 {Hoping for ...Qa6.} 24. Rb1 cxd4 25. c5+ d5 (25... Qf7 26. Qxf7+ Kxf7 27. cxd4 $15) 26. cxd4 Nc4) 24. Rf4 (24. Qb1 $11) 24... Qf7 25. Be1 d5 26. cxd5 cxd4 27. Qb1 {[%emt 0:19:55] Prevents Nb4} (27. exd4 $2 {too greedy.} Nb4 28. Qd2 Nd3 $19 (28... Nxd5 $2 29. Rh4 $19)) 27... Ne5 {[%emt 0:03:55] ...Nd3 would now be deadly.} 28. Rxe4 dxe3 29. c4 Qd7 30. Qb3 Qxf5 {[%emt 0:00:43] Black is much more active.} 31. Rxe3 Ng4 $40 {[%emt 0:02:19][%mdl 128] Black attacks.} 32. Rf3 (32. Rxe8+ $15 Rxe8 33. Qf3) 32... Qg5 33. Qb2 {[%emt 0:00:31] [#]} (33. Qd1 $17) 33... Rxc4 $1 $19 ({But not} 33... Ne5 34. Rg3 Nxc4 35. Rxc4 Rxe1+ 36. Kf2 Qf5+ 37. Rf3 $17) 34. Qb5 $2 (34. Bd2 Rxc1+ (34... Qxd5 $2 35. Rxc4 Qxc4 36. h3 $19) 35. Qxc1 Qxd5 36. h3) 34... Rce4 {[%emt 0:43:29] Weighted Error Value: White=0.47/Black=0.12 (very precise) .  Mistake:       	White=6     	Black=3      Inaccurate:     	White=2     	Black=1      OK:         	White=6     	Black=11     Best:        	White=4     	Black=3      Strong:       	White=1     	Black=1} (34... Qe5 $142 35. Qxe8+ Qxe8) 0-1